 Yiufcrawl Soup (a DCSS fork) version 1.5.2b1-yiuf-19-g91104ff (webtiles) character file.

11028 Brynnhild the Carver (level 11, -6/62 HPs)
             Began as an Imp Fighter on July 28, 2018.
             Was a High Priest of Wu Jian.
             Mangled by a seven-headed hydra (9 damage)
             ... on level 1 of the Lair of Beasts.
             The game lasted 00:24:41 (9736 turns).

Brynnhild the Carver (Imp Fighter)                  Turns: 9736, Time: 00:24:42

Health: -6/62      AC:  5    Str: 18    XL:     11   Next: 71%
Magic:  20/20      EV: 25    Int: 11    God:    Wu Jian [*****.]
Gold:   649        SH:  8    Dex: 15    Spells: 10/10 levels left

rFire    + . .     SeeInvis +   N - +2 falchion (flame)
rCold    x . .     Gourm    +   c - +0 buckler
rNeg     . . .     Faith    .   P - +0 troll leather armour
rPois    .         Spirit   .   (helmet restricted)
rElec    .         Reflect  .   e - +0 cloak
rCorr    .         Harm     .   (gloves unavailable)
MR       ++...     Clarity  +   (boots unavailable) Stlth +.........Rnd*Tele +
                                J - amulet of the gourmand
Regen    1.0/turn               k - ring of magical power
MPRegen  0.2/turn               t - ring of see invisible

@: no status effects
A: cold vulnerability, blinkitis, unfitting armour, horns 2, talons 1, clarity,
fire resistance 1, magic resistance 1, mutation resistance 1, regeneration 1,
screaming 2, strong, teleportitis 2, subdued magic 1, able to fly 1
a: Fly, Serpent's Lash, Heavenly Storm, Renounce Religion


You were on level 1 of the Lair of Beasts.
You worshipped Wu Jian.
Wu Jian was extremely pleased with you.
You were full.

You visited 3 branches of the dungeon, and saw 12 of its levels.

You collected 649 gold pieces.

Inventory:

Hand Weapons
 a - a +0 long sword
 i - a +3 scimitar
 N - a +2 falchion of flaming (weapon)
Armour
 b - a +1 robe
 c - a +0 buckler (worn)
 e - a +0 cloak (worn)
 P - a +0 troll leather armour (worn)
Jewellery
 k - a ring of magical power (left hand)
 t - a ring of see invisible (right hand)
 A - an uncursed amulet of magic regeneration
 H - an uncursed ring of wizardry {unknown}
 J - an amulet of the gourmand (around neck)
Wands
 F - a wand of paralysis (0/24)
 K - a wand of enslavement (7/24)
 R - a wand of lightning (8/15)
 S - a wand of polymorph (15/24)
 U - a wand of polymorph (17/24)
 V - a wand of lightning (8/15)
Scrolls
 d - 3 scrolls of fog {unknown}
 h - 4 scrolls of enchant armour
 l - a scroll of recharging
 n - a scroll of blinking {unknown}
 o - a scroll of random uselessness {unknown}
 r - 3 scrolls of remove curse {unknown}
 u - 2 scrolls of fear
 v - 2 scrolls of magic mapping
 y - 10 scrolls of identify
 C - 2 scrolls of immolation {unknown}
 E - 2 scrolls of amnesia {unknown}
 G - 7 scrolls of teleportation {unknown}
 L - a scroll of vulnerability {unknown}
 O - a scroll of summoning {unknown}
 T - a scroll of noise {unknown}
 W - a scroll of enchant weapon {unknown}
Potions
 g - 3 potions of haste
 j - 3 potions of flight {unknown}
 m - 6 potions of curing
 q - 4 potions of brilliance {unknown}
 s - 3 potions of invisibility {unknown}
 x - 2 potions of degeneration {unknown}
 B - 2 potions of ambrosia {unknown}
 D - a potion of resistance {unknown}
 I - 2 potions of agility {unknown}
 M - a potion of lignification {unknown}
 Q - 3 potions of heal wounds
Comestibles
 f - 6 bread rations
 p - 10 royal jellies
 w - 28 fruits
 z - 2 meat rations


   Skills:
 + Level 9.1 Fighting
 * Level 13.9 Long Blades
 + Level 1.8 Armour
 + Level 9.4 Dodging
 + Level 5.2 Shields


You had 10 spell levels left.
You didn't know any spells.

Dungeon Overview and Level Annotations

Branches:
Dungeon (10/15)            Temple (1/1) D:4            Lair (1/6) D:9
    Orc (0/2) D:9

Altars:
Dithmenos
Gozag
Hepliaklqana
Makhleb
Qazlal
Vehumet
Wu Jian
Xom
Zin
Lugonu

Shops:
D:4 *   D:5 [   D:6 (


Innate Abilities, Weirdness & Mutations

Your bones are vulnerable to cold.
All sources of teleportitis gives you blinkitis instead.
You are very small and have problems with some larger weapons.
You are too small for most types of armour.
You have a pair of horns on your head.
Your flesh is heat resistant. (rF+)
Your natural rate of healing is unusually fast.
You sometimes yell uncontrollably at your foes.
You are sometimes teleported next to monsters.
You can fly.
You have sharp toenails.
You possess an exceptional clarity of mind.
You are resistant to hostile enchantments. (MR+)
You are somewhat resistant to further mutation.
Your muscles are strong. (Str +3)
Your spells are a little easier to cast, but a little less powerful.


Message History

The seven-headed hydra misses you. The seven-headed hydra bites you.
* * * LOW HITPOINT WARNING * * *
The seven-headed hydra barely misses you.
The seven-headed hydra bites you but does no damage.
Unknown command.
Unknown command.
You hit the hippogriff. You burn the hippogriff.
You claw the hippogriff, but do no damage.
The hippogriff is almost dead.
The hippogriff bites you!
* * * LOW HITPOINT WARNING * * *
You block the hippogriff's attack. The hippogriff claws you.
* * * LOW HITPOINT WARNING * * *
The seven-headed hydra misses you.
You riposte.
You completely miss the seven-headed hydra.
You claw the seven-headed hydra, but do no damage.
The seven-headed hydra is moderately wounded.
You block the seven-headed hydra's attack. x2
The seven-headed hydra bites you!
You die...

#.###+.#.# #.........
.##...........# ##.........
#.............# .+.........
#.............# #..^.......
.............# ##.........
#...........# #.........
#...........# ##'###P.##
#..D........# #....# ##
#@H...###.# ###P.#
#####....## # ##..######
##......#
###........#######.......#
##P........##.....+.......#
#.............#####......##
+.|........#### #.......#
###.....(>.# #..)...## #
####...### ##+.####


You could see a seven-headed hydra and a hippogriff.

Vanquished Creatures
  A two-headed ogre (D:10)
  A tengu warrior (D:10)
  An unseen horror (D:10)
  A redback zombie (D:8)
  2 hellwings (D:8)
  The ghost of loopi the Vandal, a novice ImWn (D:4)
  2 trolls (D:9)
  2 hippogriffs
  The ghost of SilentJynn the Slasher, an amateur ImFi of Makhleb (D:5)
  4 yaks (D:10)
  2 wyverns (D:9)
  A wraith (D:9)
  A basilisk (D:9)
  2 steam dragons (D:9)
  A hungry ghost (D:9)
  A water moccasin (Lair:1)
  A swamp drake (D:9)
  3 orc warriors
  A sky beast (D:10)
  An ice beast (D:6)
  A black bear (D:10)
  4 phantoms
  2 necrophages
  2 centaurs
  3 ogres
  3 crocodiles
  A big kobold (D:9)
  A wyvern zombie (D:7)
  3 bullfrogs
  4 troll zombies (D:9)
  2 scorpions
  A wight (D:8)
  A crimson imp (D:5)
  4 centaur zombies
  11 orc priests
  3 hounds
  Crazy Yiuf (D:3)
  A jelly (D:9)
  3 centaur skeletons
  Jessica (D:3)
  An iguana (D:6)
  A worker ant (D:4)
  23 orc wizards
  4 ogre zombies (D:9)
  2 hound zombies
  4 hound skeletons
  3 worker ant zombies
  10 adders
  5 shadow imps
  2 adder skeletons
  A worm (D:2)
  A dart slug (D:1)
  4 leopard geckos
  70 orcs
  12 giant cockroaches
  6 goblins
  10 hobgoblins
  11 jackals
  9 kobolds
  5 quokkas
  A ball python (D:1)
  7 bats
  6 frilled lizards
  2 goblin skeletons (D:9)
  5 goblin zombies (D:9)
  A hobgoblin zombie (D:9)
  A jackal zombie (D:8)
  3 orc skeletons (D:9)
  14 orc zombies (D:9)
  A quokka zombie (D:5)
  3 rats
310 creatures vanquished.

Vanquished Creatures (others)
  A hobgoblin (D:2)
1 creature vanquished.

Grand Total: 311 creatures vanquished

Notes
Turn   | Place    | Note
-------+----------+-------------------------------------------
     0 | D:1      | Brynnhild the Imp Fighter began the quest for the Orb.
     0 | D:1      | Reached XP level 1. HP: 12/12 MP: 1/1
   140 | D:1      | Reached XP level 2. HP: 17/17 MP: 2/2
   298 | D:1      | Reached XP level 3. HP: 21/21 MP: 3/3
   977 | D:2      | Reached skill level 3 in Long Blades
  1080 | D:1      | HP: 1/21 [something (4)]
  1102 | D:1      | Reached XP level 4. HP: 21/26 MP: 4/4
  1674 | D:3      | Reached XP level 5. HP: 18/30 MP: 5/5
  1733 | D:3      | Noticed Jessica
  1744 | D:3      | Killed Jessica
  1744 | D:3      | Reached skill level 5 in Dodging
  1769 | D:3      | Found a shimmering altar of Xom.
  2268 | D:3      | Reached skill level 4 in Long Blades
  2338 | D:3      | Found a runed door.
  2351 | D:3      | Noticed Crazy Yiuf
  2354 | D:3      | Killed Crazy Yiuf
  2432 | D:4      | Noticed an ogre
  2433 | D:4      | Gained mutation: You have sharp toenails. [potion of mutation]
  2433 | D:4      | Gained mutation: Your spells are a little easier to cast, but a little less powerful. [potion of mutation]
  2433 | D:4      | Gained mutation: You possess an exceptional clarity of mind. [potion of mutation]
  2433 | D:4      | Gained mutation: Your muscles are strong. (Str +3) [potion of mutation]
  2433 | D:4      | Gained mutation: You are resistant to hostile enchantments. (MR+) [potion of mutation]
  2433 | D:4      | Gained mutation: You are somewhat resistant to further mutation. [potion of mutation]
  2433 | D:4      | Gained mutation: You have a pair of horns on your head. [potion of mutation]
  2441 | D:4      | Killed an ogre
  2441 | D:4      | Reached XP level 6. HP: 8/34 MP: 6/6
  2688 | D:4      | Found a shimmering altar of Xom.
  2692 | D:4      | Reached skill level 5 in Long Blades
  2694 | D:4      | Found a shimmering altar of Xom.
  2696 | D:4      | Found a shimmering altar of Xom.
  2696 | D:4      | Found a faded altar of an unknown god.
  2696 | D:4      | Found a corrupted altar of Lugonu.
  2696 | D:4      | Found a shimmering altar of Xom.
  2696 | D:4      | Found a radiant altar of Vehumet.
  2697 | D:4      | Found a shimmering altar of Xom.
  2753 | D:4      | Gained mutation: You sometimes yell uncontrollably at your foes. [Imp growth]
  2753 | D:4      | Gained mutation: You can fly. [Imp growth]
  2753 | D:4      | Gained mutation: You are sometimes teleported next to monsters. [Imp growth]
  2753 | D:4      | Reached XP level 7. HP: 34/38 MP: 7/7
  3015 | D:4      | Reached skill level 5 in Fighting
  3027 | D:4      | Reached skill level 6 in Long Blades
  3079 | D:4      | Found a staircase to the Ecumenical Temple.
  3091 | Temple   | Entered the Ecumenical Temple
  3101 | Temple   | Became a worshipper of the Wu Jian Council
  3573 | D:4      | Found Fiudgh Ones's Assorted Antiques.
  3634 | D:4      | Noticed loopi's ghost (novice ImWn)
  3643 | D:4      | Killed loopi's ghost
  3643 | D:4      | Reached skill level 7 in Long Blades
  3643 | D:4      | Reached XP level 8. HP: 33/43 MP: 8/8
  3946 | D:5      | Entered Level 5 of the Dungeon
  4057 | D:5      | Reached * piety under Wu Jian
  4294 | D:6      | Found Baott's Weapon Shoppe.
  4361 | D:5      | Noticed SilentJynn's ghost (amateur ImFi)
  4371 | D:5      | Killed SilentJynn's ghost
  4371 | D:5      | Reached skill level 8 in Long Blades
  4562 | D:5      | Found Hamadub's Armour Shoppe.
  4897 | D:5      | Reached skill level 9 in Long Blades
  4994 | D:6      | Reached XP level 9. HP: 47/48 MP: 9/9
  5222 | D:6      | Reached ** piety under Wu Jian
  6019 | D:7      | Reached skill level 10 in Long Blades
  6247 | D:7      | Reached *** piety under Wu Jian
  7019 | D:8      | Noticed a hellwing
  7020 | D:8      | Noticed a hellwing
  7037 | D:8      | Reached skill level 11 in Long Blades
  7051 | D:8      | Killed a hellwing
  7051 | D:8      | Reached XP level 10. HP: 16/53 MP: 10/10
  7106 | D:8      | Reached skill level 12 in Long Blades
  7203 | D:8      | Reached **** piety under Wu Jian
  7678 | D:8      | Found a glowing silver altar of Zin.
  7871 | D:9      | Found a staircase to the Orcish Mines.
  7980 | D:9      | Reached XP level 11. HP: 36/60 MP: 11/11
  7985 | D:9      | Reached ***** piety under Wu Jian
  8098 | D:9      | Reached skill level 13 in Long Blades
  8410 | D:9      | Found a staircase to the Lair.
  8807 | D:10     | Entered Level 10 of the Dungeon
  8840 | D:10     | Noticed a two-headed ogre
  8852 | D:10     | Killed a two-headed ogre
  8852 | D:10     | Reached skill level 5 in Shields
  8929 | D:10     | Noticed an unseen horror
  8935 | D:10     | Killed an unseen horror
  9087 | D:10     | Reached skill level 1 in Armour
  9364 | D:10     | Noticed a tengu warrior
  9394 | D:10     | Killed a tengu warrior
  9657 | Lair:1   | Entered Level 1 of the Lair of Beasts
  9728 | Lair:1   | Noticed a seven-headed hydra
  9736 | Lair:1   | HP: 3/62 [hippogriff (6)]
  9736 | Lair:1   | Mangled by a seven-headed hydra

Skill      XL: |  1  2  3  4  5  6  7  8  9 10 11 |
---------------+----------------------------------+-----
Fighting       | 4 5 6 8 9 |  9.1
Long Blades    | 3 4 5 7 9 11 12 13 | 13.9
Dodging        | 5 6 7 8 9 |  9.4
Shields        | 3 4 5 |  5.2
Armour         | 1 |  1.8

Action                   |  1- 3 |  4- 6 |  7- 9 | 10-12 || total
-------------------------+-------+-------+-------+-------++-------
Melee: Long sword        |    68 |   119 |       |       ||   187
       Headbutt          |    12 |    25 |    82 |   116 ||   235
       Kick              |       |    24 |   113 |   169 ||   306
       Scimitar          |       |       |   352 |   116 ||   468
       Falchion          |       |       |       |   346 ||   346
Evoke: Wand              |       |       |     5 |       ||     5
  Use: Potion            |     3 |     3 |     2 |     1 ||     9
       Scroll            |       |     5 |       |       ||     5
 Stab: Sleeping          |       |       |     2 |     1 ||     3
       Paralysed         |       |       |     5 |       ||     5
  Eat: Chunk             |     1 |     3 |    15 |     6 ||    25
Armor: Robe              |     6 |     5 |    24 |     6 ||    41
       Troll leather arm |       |       |       |     7 ||     7
Dodge: Dodged            |    48 |    98 |   214 |   227 ||   587
Block: Buckler           |    23 |    43 |    95 |   112 ||   273
       Rpst.: Long sword |    14 |    31 |       |       ||    45
       Scimitar          |       |       |    57 |    13 ||    70
       Falchion          |       |       |       |    31 ||    31
